 Dungeon Crawl Stone Soup version 0.29-a0-1016-g236c7fd91e (webtiles) character file.

Game seed: 18030471133552380237

3004 nightchill the Slicer (level 10, 0/96 HPs)
             Began as a Kobold Hunter on Aug 9, 2022.
             Was a Believer of Dithmenos.
             Slain by a wight
             ... wielding a +5 halberd
              (5 damage)
             ... on level 8 of the Dungeon.
             The game lasted 00:31:08 (10668 turns).

nightchill the Slicer (Kobold Hunter)              Turns: 10668, Time: 00:31:09

Health: 0/96       AC: 13    Str: 10    XL:     10   Next: 9%
Magic:  10/10      EV: 13    Int: 10    God:    Dithmenos [**....]
Gold:   348        SH:  0    Dex: 22    Spells: 9/9 levels left

rFire   . . .      SeeInvis .   G - +0 rapier
rCold   . . .      Faith    .   (no shield)
rNeg    . . .      Spirit   .   f - +0 ring mail
rPois   +          Reflect  .   (no helmet)
rElec   .          Harm     .   B - +0 cloak
rCorr   .          Rampage  .   (no gloves)
Will    .....                   s - +2 pair of boots
Stlth   ..........              (no amulet)
HPRegen 0.26/turn               r - +4 ring of protection
MPRegen 0.12/turn               H - ring of poison resistance

@: berserking, wreathed by umbra, very quick
A: small, no large weapons, nightstalker 3
a: Renounce Religion, Shadow Step


You were on level 8 of the Dungeon.
You worshipped Dithmenos.
Dithmenos was pleased with you.
You visited 2 branches of the dungeon, and saw 9 of its levels.

You collected 348 gold pieces.

Inventory:

Hand Weapons
 a - a +0 short sword of venom
 b - a +4 shortbow
 k - a +0 shortbow
 A - a +0 dagger
 F - a +2 vampiric dagger
 G - a +0 rapier (weapon)
Missiles
 j - 20 poisoned darts (quivered)
Armour
 f - a +0 ring mail (worn)
 q - a +2 robe of fire resistance
 s - a +2 pair of boots (worn)
 B - a +0 cloak (worn)
Jewellery
 r - a +4 ring of protection (left hand)
 v - a ring of positive energy
 x - a ring of see invisible
 H - a ring of poison resistance (right hand)
Wands
 C - a wand of mindburst (9)
Scrolls
 d - a scroll of poison
 e - 3 scrolls of immolation
 g - 3 scrolls of fear {unknown}
 n - a scroll of noise {unknown}
 o - a scroll of enchant weapon {unknown}
 p - 4 scrolls of teleportation {unknown}
 y - 2 scrolls of amnesia {unknown}
 E - a scroll of summoning {unknown}
Potions
 c - 7 potions of curing
 i - a potion of mutation
 l - 3 potions of flight
 m - a potion of brilliance
 t - a potion of magic
 u - 2 potions of attraction {unknown}
 w - a potion of invisibility
 z - 3 potions of degeneration {unknown}
 D - 3 potions of resistance {unknown}


   Skills:
 + Level 7.6 Fighting
 * Level 12.0 Short Blades
 - Level 5.6 Ranged Weapons
 - Level 2.4 Dodging
 + Level 9.4 Stealth


You had 9 spell levels left.
You didn't know any spells.
Your spell library contained the following spells:

 Spells                   Type           Power      Damage    Failure   Level
 Freeze                   Ice            0%         1d3       69%         1
 Ensorcelled Hibernation  Hex/Ice        0%         N/A       83%         2
 Passwall                 Tmut/Erth      0%         N/A       83%         2
 Call Canine Familiar     Summ           0%         N/A       96%         3
 Confusing Touch          Hex            0%         N/A       96%         3
 Frozen Ramparts          Ice            0%         1d1       96%         3
 Gell's Gravitas          Tloc           0%         N/A       96%         3
 Lesser Beckoning         Tloc           0%         N/A       96%         3
 Portal Projectile        Hex/Tloc       0%         N/A       96%         3
 Summon Guardian Golem    Hex/Summ       0%         N/A       96%         3
 Swiftness                Air            0%         N/A       96%         3
 Teleport Other           Tloc           0%         N/A       96%         3
 Tukima's Dance           Hex            0%         N/A       96%         3
 Cause Fear               Hex            0%         N/A       100%        4
 Hailstorm                Conj/Ice       0%         3d3       100%        4
 Leda's Liquefaction      Hex/Erth       0%         N/A       100%        4
 Blade Hands              Tmut           0%         N/A       100%        5
 Yara's Violent Unravell  Hex/Tmut       0%         3d3       100%        5
 Dragon Form              Tmut           0%         N/A       100%        7
 Enfeeble                 Hex            0%         N/A       100%        7
 Orb of Destruction       Conj           0%         9d5       100%        7
 Spellforged Servitor     Conj/Summ      0%         N/A       100%        7
 Dragon's Call            Summ           0%         N/A       100%        9


Dungeon Overview and Level Annotations

Branches:
Dungeon (8/15)             Temple (1/1) D:7
   Lair: D:8-11

Altars:
Cheibriados
Dithmenos
Hepliaklqana
Nemelex Xobeh
Ru
Sif Muna
Wu Jian
Xom
Yredelemnul
Zin

Shops:
D:7 (

Annotations:
D:2 1 runed translucent door, Crazy Yiuf
D:3 exclusion: downstairs
D:4 exclusion: downstairs
D:6 exclusion: downstairs


Innate Abilities, Weirdness & Mutations

You are small and have problems with some larger weapons.
You are completely attuned to the shadows.


Message History

You barely miss the kobold brigand. You closely miss the kobold brigand.
The kobold brigand hits you but does no damage.
You barely miss the kobold brigand.
You feel yourself speed up. The kobold brigand misses you.
You puncture the kobold brigand!
The kobold brigand is heavily wounded.
The kobold brigand barely misses you.
You completely miss the kobold brigand.
The kobold brigand is heavily wounded.
You puncture the kobold brigand!
The kobold brigand is almost dead.
The kobold brigand completely misses you.
The wight barely misses you.
You barely miss the kobold brigand.
The kobold brigand is almost dead.
The wight hits you from afar with a +5 halberd!
* * * LOW HITPOINT WARNING * * *
You feel drained.
* * * LOW HITPOINT WARNING * * *
The kobold brigand barely misses you.
You feel better.
The kobold brigand hits you with a +0 club.
* * * LOW HITPOINT WARNING * * *
The wight barely misses you.
You hit the kobold brigand.
You kill the kobold brigand!
Dithmenos accepts your kill.
Your life force feels restored.
You feel better.
The wight hits you from afar with a +5 halberd!
* * * LOW HITPOINT WARNING * * *
A red film seems to cover your vision as you go berserk!
You feel yourself moving faster!
You feel mighty!
The wight hits you from afar with a +5 halberd.
* * * LOW HITPOINT WARNING * * *
You feel a strong urge to attack something.
The wight hits you with a +5 halberd.
You die...

......# ...<..#
.....?# ......####
..........
......#### ......#
.[..#z# ## #####@#
.# #.#
.###############.#
..........)......#
##################


You could see a wight.

Vanquished Creatures
  A wyvern (D:7)
  Eustachio (D:4)
  A water moccasin (D:5)
  Duvessa (D:4)
  An ice beast (D:7)
  An orc warrior (D:7)
  A sky beast (D:7)
  A black bear (D:4)
  An ogre (D:7)
  3 centaurs
  2 phantoms
  3 kobold brigands
  A necrophage (D:4)
  3 scorpions
  5 wights
  Dowan (D:4)
  A howler monkey (D:5)
  2 jellies
  4 hounds
  4 orc priests
  Jessica (D:3)
  2 gnoll boudas
  An iguana (D:6)
  6 orc wizards
  9 gnolls
  7 adders
  3 white imps
  An ufetubus (D:7)
  3 worms
  32 orcs
  2 ball pythons
  4 bats
  3 endoplasms
  3 giant cockroaches
  3 goblins
  5 hobgoblins
  5 jackals
  7 quokkas
  5 frilled lizards
  15 kobolds
  3 rats (D:3)
  A toadstool (D:1)
159 creatures vanquished.

Vanquished Creatures (others)
  A black bear (D:6)
  An orc (D:6)
  22 plants
  2 toadstools (D:1)
26 creatures vanquished.

Grand Total: 185 creatures vanquished

Notes
Turn   | Place    | Note
-------+----------+-------------------------------------------
     0 | D:1      | nightchill the Kobold Hunter began the quest for the Orb.
     0 | D:1      | Reached XP level 1. HP: 12/12 MP: 1/1
   135 | D:1      | Reached XP level 2. HP: 18/18 MP: 2/2
   520 | D:1      | Reached skill level 1 in Short Blades
  1078 | D:2      | Reached XP level 3. HP: 22/22 MP: 3/3
  1439 | D:2      | Found a runed translucent door.
  1442 | D:2      | Noticed Crazy Yiuf
  1540 | D:2      | Found a faded altar of an unknown god.
  1544 | D:2      | Reached skill level 2 in Short Blades
  2127 | D:2      | Reached XP level 4. HP: 19/27 MP: 4/4
  2382 | D:3      | Found a shimmering altar of Xom.
  2387 | D:3      | Found a glowing silver altar of Zin.
  2390 | D:3      | Found a snail-covered altar of Cheibriados.
  2393 | D:3      | Found a sparkling altar of Nemelex Xobeh.
  2433 | D:3      | Noticed Jessica
  2437 | D:3      | Killed Jessica
  2438 | D:3      | Reached skill level 3 in Short Blades
  2509 | D:3      | Found an ornate altar of the Wu Jian Council.
  2513 | D:3      | Noticed a spectral centipede
  2513 | D:3      | Noticed a spectral black mamba
  2513 | D:3      | Noticed a spectral cane toad
  2726 | D:3      | Reached XP level 5. HP: 9/32 MP: 5/5
  2737 | D:3      | HP: 1/32 [orc/+0 whip (1)]
  3757 | D:4      | Reached skill level 4 in Short Blades
  3757 | D:4      | Reached XP level 6. HP: 13/38 MP: 6/6
  4071 | D:4      | Noticed Duvessa
  4228 | D:4      | Noticed Dowan
  4268 | D:4      | Killed Duvessa
  4269 | D:4      | Reached skill level 5 in Short Blades
  4271 | D:4      | Killed Dowan
  4272 | D:4      | Reached XP level 7. HP: 30/43 MP: 7/7
  4414 | D:4      | Reached skill level 6 in Short Blades
  4440 | D:4      | Reached skill level 5 in Stealth
  4988 | D:5      | Entered Level 5 of the Dungeon
  5060 | D:4      | Found a shadowy altar of Dithmenos.
  5060 | D:4      | Found a hazy altar of Hepliaklqana.
  5060 | D:4      | Noticed a shadow
  5066 | D:4      | Became a worshipper of Dithmenos the Shadowed
  5267 | D:4      | Noticed Eustachio
  5314 | D:4      | Killed Eustachio
  5315 | D:4      | Reached skill level 5 in Fighting
  5315 | D:4      | Reached skill level 7 in Short Blades
  5315 | D:4      | Reached XP level 8. HP: 49/49 MP: 8/8
  5728 | D:5      | Reached skill level 8 in Short Blades
  5965 | D:5      | Found a sacrificial altar of Ru.
  6789 | D:5      | Reached skill level 9 in Short Blades
  6981 | D:5      | Found a basalt altar of Yredelemnul.
  7068 | D:5      | Found a shimmering blue altar of Sif Muna.
  7365 | D:6      | Reached XP level 9. HP: 54/55 MP: 9/9
  7549 | D:6      | Reached * piety under Dithmenos
  8085 | D:6      | Reached skill level 10 in Short Blades
  8983 | D:7      | Found Adirer's Weapon Shop.
  9051 | D:7      | Reached skill level 11 in Short Blades
  9462 | D:7      | Reached ** piety under Dithmenos
  9724 | D:7      | Found a staircase to the Ecumenical Temple.
  9732 | Temple   | Entered the Ecumenical Temple
 10197 | D:7      | Reached XP level 10. HP: 14/63 MP: 10/10
 10655 | D:8      | Reached skill level 12 in Short Blades
 10662 | D:8      | HP: 3/61 [wight/+5 halberd (7)]
 10667 | D:8      | HP: 4/96 [wight/+5 halberd (3)]
 10668 | D:8      | Slain by a wight

Illustrated notes

Levels and vault maps discovered:
D:1:      dpeg_arrival_pits, layout_loops_ring, minmay_gold_behind_fungi
D:2:      kennysheep_big_flooded_room, layout_basic,
          hellmonk_ecumenical_altar_arch_garden, uniq_crazy_yiuf_cottage
D:3:      layout_rooms, pdpol_wu_jian_five_deadly_venoms,
          grunt_temple_overflow_cloverleaf, uniq_jessica
D:4:      layout_basic, riverfiend_overflow_shadow_ancestor,
          nicolae_grassy_gnolls, uniq_duvessa, uniq_eustachio
D:5:      layout_rooms, mainiacjoe_overflow_brackets,
          nicolae_ru_sacrificial_ziggurat, lemuel_doored_altar
D:6:      lemuel_ice_spiral_2, layout_basic, minmay_misc_feat_encased,
          serial_bayou_pond_e
D:7:      layout_cave_pods, minmay_temple_entry_overgrown, serial_shops,
          nicolae_shop_crystal
D:8:      layout_basic, gammafunk_temple_overflow_claw
Temple:   nicolae_temple_bog_church

Skill      XL: |  1  2  3  4  5  6  7  8  9 10 |
---------------+-------------------------------+-----
Short Blades   | 1 2 3 4 5 7 9 11 12 | 12.0
Stealth        | 2 3 4 5 7 9 |  9.4
Fighting       | 3 4 5 6 7 |  7.6
Ranged Weapons | |  5.6
Dodging        | |  2.4

Action                   |  1- 3 |  4- 6 |  7- 9 | 10-12 || total
-------------------------+-------+-------+-------+-------++-------
Melee: Dagger            |     4 |    60 |    76 |       ||   140
       Punch             |       |     1 |    10 |       ||    11
       Rapier            |       |       |   381 |    22 ||   403
       Short sword       |       |       |    22 |       ||    22
 Fire: Shortbow          |    78 |    80 |    76 |       ||   234
  Use: Potion            |     1 |       |     5 |     3 ||     9
       Scroll            |       |     2 |     6 |     1 ||     9
 Stab: Sleeping          |       |       |    11 |     1 ||    12
       Distracted        |       |       |     1 |       ||     1
Armor: Ring mail         |    14 |    17 |   196 |     3 ||   230
Dodge: Dodged            |    40 |    59 |   274 |    15 ||   388

Table legend: (Time is in decaauts)
 A = Elapsed time spent in this place.
 B = Non-inter-level travel time spent in this place.
 C = Inter-level travel time spent in this place.
 D = Time resting spent in this place.
 E = Time spent auto-exploring this place.
 F = Levels seen in this place.
 G = Mean time per level.
                   A        B        C        D        E       F      G
               +--------+--------+--------+--------+--------+-----+--------+
         Total |  10588 |  10204 |    384 |   2908 |   5362 |   9 | 1176.4 |
       Dungeon |  10586 |  10202 |    384 |   2908 |   5362 |   8 | 1323.2 |
        Temple |      1 |      1 |      0 |      0 |      0 |   1 |    1.0 |
               +--------+--------+--------+--------+--------+-----+--------+

Top non-repeatable levels by time:
     D:7: 2017 daAuts
     D:4: 2010 daAuts
     D:5: 1645 daAuts
     D:3: 1411 daAuts
     D:2: 1257 daAuts
     D:6: 1097 daAuts
     D:1: 1016 daAuts
     D:8: 130 daAuts
  Temple: 1 daAuts
